Get step-by-step instructions on how to execute this build order below. Start the game timer, and the build order will tick by so you can play in parallel with StarCraft on a second screen or mobile device.

Game Time

  0:00

Last Step

  N/A

Next Step

  12  0:00  Probe  

Upcoming Step

  13  0:12  Probe  

Don't want to look back and forth between 2 screens? Try out our Overwolf App, the Spawning Tool Build Advisor to get an in-game overlay with this build!

Complete Build Order

  12  0:00  Probe  
  13  0:12  Probe  
  14  0:17  Pylon  
  14  0:24  Probe (Chrono Boost)  
  15  0:36  Gateway, Probe (Chrono Boost)  
  16  0:44  Probe (Chrono Boost)  
  16  0:46  Assimilator  
  17  0:51  Probe  
  17  0:54  Assimilator  
  18  1:03  Probe (Chrono Boost)  
  19  1:07  Gateway  
  19  1:14  Probe (Chrono Boost)  
  20  1:19  Probe (Chrono Boost)  
  20  1:23  Cybernetics Core  
  21  1:29  Probe  
  22  1:34  Pylon  
  22  1:41  Probe  
  23  1:53  Probe  
  24  2:00  Stalker, Warp Gate  
  28  2:09  Pylon  
  26  2:24  Nexus  
  26  2:27  Probe  
  26  2:29  Sentry  
  27  2:33  Sentry  
  31  2:39  Probe (Chrono Boost)  
  32  2:47  Twilight Council  
  33  2:51  Probe (Chrono Boost)  
  33  2:58  Pylon  
  33  2:59  Probe (Chrono Boost)  
  33  3:00  Phoenix  
  33  3:01  Sentry  
  36  3:05  Probe  
  37  3:17  Probe  
  38  3:24  Blink (Chrono Boost)  
  38  3:32  Probe (Chrono Boost)  
  39  3:35  Probe (Chrono Boost)  
  40  3:42  Phoenix  
  40  3:45  Probe (Chrono Boost)  
  40  3:46  Probe (Chrono Boost)  
  42  3:50  Stalker, Probe (Chrono Boost)  
  42  3:51  Stalker  
  42  3:54  Probe  
  48  4:02  Probe  
  49  4:06  Probe  
  50  4:13  Nexus  
  50  4:14  Probe  
  51  4:18  Stalker x2, Probe  
  51  4:22  Pylon  
  56  4:26  Probe  
  57  4:33  Probe  
  57  4:34  Assimilator  
  58  4:41  Stalker  
  58  4:42  Stalker  
  58  4:44  Shield Battery, Probe  
  63  4:46  Probe  
  63  4:48  Robotics Facility  
  64  4:57  Probe  
  64  4:58  Probe  
  66  5:01  Forge  
  66  5:07  Pylon  
  66  5:09  Phoenix, Probe  
  66  5:10  Probe  
  66  5:11  Gateway  
  65  5:21  Probe (Chrono Boost)  
  65  5:27  Probe (Chrono Boost)  
  65  5:28  Probe (Chrono Boost)  
  68  5:32  Probe (Chrono Boost)  
  68  5:33  Protoss Ground Weapons Level 1 (Chrono Boost)  
  68  5:34  Gateway  
  71  5:36  Probe (Chrono Boost)  
  71  5:37  Observer, Probe (Chrono Boost)  
  71  5:38  Probe (Chrono Boost)  
  71  5:41  Probe (Chrono Boost)  
  73  5:44  Charge  
  73  5:46  Probe  
  73  5:48  Probe  
  76  5:53  Probe  
  77  5:58  Probe  
  77  6:00  Probe  
  77  6:01  Observer  
  77  6:02  Gateway  
  77  6:03  Gateway  
  77  6:04  Gateway x2  
  80  6:05  Probe  
  80  6:08  Pylon  
  81  6:12  Pylon  
  81  6:13  Templar Archives  
  81  6:19  Immortal  
  81  6:21  Pylon  
  85  6:26  Nexus  
  85  6:38  Zealot x4  
  93  6:40  Probe x3  
  93  6:45  Shield Battery  
  96  6:50  Shield Battery  
  96  6:52  Probe x3  
  99  6:58  Immortal  
  103  7:04  Probe x3, High Templar x2  
  103  7:05  Zealot x3  
  116  7:10  Protoss Ground Weapons Level 2 (Chrono Boost)  
  116  7:11  Pylon  
  116  7:12  Pylon  
  116  7:13  Archon, Pylon  
  116  7:14  Pylon  
  116  7:20  Probe  
  117  7:29  Probe x2  
  119  7:32  Immortal  
  119  7:34  Assimilator  
  119  7:39  Gateway x2  
  123  7:47  Zealot x4  
  123  7:48  Zealot x4  
  139  7:51  Observer  
  139  7:53  Shield Battery  
  139  7:55  Photon Cannon  
  139  8:04  Pylon  
  139  8:07  Pylon  
  139  8:11  Immortal  
  139  8:12  Observer  
  143  8:16  High Templar  
  143  8:17  Zealot x6  
  143  8:19  High Templar  
  158  8:21  Photon Cannon  
  158  8:24  Archon  
  158  8:35  Zealot x2  
  158  8:37  Stalker  
  158  8:38  Stalker x3  
  158  8:40  Zealot x2  
  172  8:50  Pylon  
  172  8:51  Pylon  
  172  8:52  Warp Prism (Chrono Boost)  
  172  8:53  Pylon  
  172  8:55  Gateway  
  174  8:56  Gateway  
  174  9:09  High Templar x2  
  178  9:12  Zealot x7  
  178  9:13  Archon  
  186  9:21  Zealot  
  180  9:33  Zealot x7  
  192  9:46  Zealot x3  
  148  10:05  Zealot x8  
  148  10:06  Zealot x4  
  154  10:12  Probe x4  
  142  10:26  Zealot x7  
  142  10:27  Zealot x3  
  139  10:37  Zealot x2  
  123  10:50  High Templar x4  
  123  10:55  Archon  
  123  10:56  Archon  
  127  11:09  Pylon  
  127  11:11  High Templar  
  125  11:12  Zealot x6, High Templar  
  125  11:15  Archon  
  139  11:21  Zealot x3  
  129  11:29  Zealot